[Event "25th Abu Dhabi Master 2018"]
[Site "Abu Dhabi"]
[Date "2018.08.08"]
[Round "2"]
[White "Sjugirov, Sanan"]
[Black "Daneshvar, Bardiya"]
[Result "1-0"]
[ECO "B12"]
[WhiteElo "2677"]
[BlackElo "2290"]
[Annotator "RC"]
[PlyCount "59"]
[EventDate "2018.08.05"]
[EventType "swiss"]
[EventCountry "UAE"]
[SourceTitle "playchess.com"]
[Source "ChessBase"]
[SourceQuality "1"]
[TimeControl "5400+30"]

1. e4 c6 2. d4 d5 3. e5 Bf5 4. Nf3 e6 5. Be2 Nd7 6. O-O Ne7 7. Nbd2 Nc8 8. b3 Be7 9. c4 O-O 10. Bb2 a6 11. a3 dxc4 12. bxc4 b5 13. d5 cxd5 14. cxd5 exd5 15. Nd4 Bg6 16. f4 f5 17. N2b3 Qb6 18. Bf3 Kh8 19. Bxd5 Ra7 20. Kh1 Nc5 21. Nxc5 Bxc5 22. Ne6 Re8 23. Rc1 Be3 24. Rc6 Qb8 25. Bb3 Bb6 26. Ng5 Ne7 27. Rxg6 hxg6 28. Qf3 Ng8 29. Qh3+ Nh6 30. e6 1-0

[Event "25th Abu Dhabi Master 2018"]
[Site "Abu Dhabi"]
[Date "2018.08.08"]
[Round "2"]
[White "Adly, Ahmed"]
[Black "Sadhwani, Raunak"]
[Result "1/2-1/2"]
[ECO "A05"]
[WhiteElo "2634"]
[BlackElo "2424"]
[Annotator "RC"]
[PlyCount "138"]
[EventDate "2018.08.05"]
[EventType "swiss"]
[EventCountry "UAE"]
[SourceTitle "playchess.com"]
[Source "ChessBase"]
[SourceQuality "1"]
[TimeControl "5400+30"]

1. Nf3 Nf6 2. g3 g6 3. Bg2 Bg7 4. c4 O-O 5. d4 c5 6. O-O cxd4 7. Nxd4 Nc6 8. Nc3 Qa5 9. Nb3 Qh5 10. Nd5 d6 11. Nf4 Qf5 12. h3 Qd7 13. Be3 b6 14. Nd3 Bb7 15. c5 Nd8 16. cxd6 Bxg2 17. Kxg2 Qxd6 18. Rc1 Ne6 19. Qc2 Qd7 20. Ne5 Qd5+ 21. Nf3 Qb7 22. Qc6 Qxc6 23. Rxc6 Nd5 24. Bd4 Rfc8 25. Rfc1 Rxc6 26. Rxc6 Nxd4 27. Nfxd4 e5 28. Nb5 a6 29. Nd6 e4 30. Nxe4 Bxb2 31. Rd6 Nb4 32. Rxb6 Nxa2 33. Nbc5 Bd4 34. Rxa6 Rxa6 35. Nxa6 Nc3 36. e3 Nxe4 37. exd4 Kf8 38. Kf1 Ke7 39. Ke2 Kd6 40. Nb4 Nc3+ 41. Kd2 Ne4+ 42. Ke3 Nc3 43. h4 f6 44. f3 Nb5 45. Kd3 Nc7 46. Kc4 Ne8 47. Nd5 Kc6 48. Ne3 Nd6+ 49. Kd3 Kd7 50. d5 h5 51. Kd4 Nb5+ 52. Kc4 Nd6+ 53. Kc5 g5 54. Kd4 Nb5+ 55. Kd3 Nd6 56. Ke2 Kc7 57. Kd3 Kd7 58. hxg5 fxg5 59. g4 h4 60. Nd1 h3 61. Nf2 h2 62. Nh1 Nf7 63. Ke3 Kd6 64. Kf2 Kxd5 65. Kg2 Ne5 66. Nf2 Kd4 67. Nh3 Nxf3 68. Nxg5 Nxg5 69. Kxh2 Ke5 1/2-1/2

[Event "25th Abu Dhabi Master 2018"]
[Site "Abu Dhabi"]
[Date "2018.08.08"]
[Round "2"]
[White "Tabatabai, M Amin"]
[Black "Gajwa, Ankit"]
[Result "1/2-1/2"]
[ECO "E71"]
[WhiteElo "2590"]
[BlackElo "2223"]
[Annotator "ChessBase"]
[PlyCount "161"]
[EventDate "2018.08.05"]
[EventType "swiss"]
[EventCountry "UAE"]
[SourceTitle "playchess.com"]
[Source "ChessBase"]
[SourceQuality "1"]
[TimeControl "5400+30"]

1. d4 Nf6 2. c4 g6 3. Nc3 Bg7 4. e4 d6 5. h3 O-O 6. Be3 c5 7. Nf3 cxd4 8. Nxd4 b6 9. Qd2 Bb7 10. f3 Nbd7 11. O-O-O a6 12. Kb1 b5 13. cxb5 axb5 14. Bxb5 Ne5 15. Qe2 Qb8 16. Rc1 Rc8 17. Rhd1 d5 18. f4 Nc4 19. e5 Ne8 20. Bf2 Nc7 21. Bxc4 dxc4 22. f5 Nd5 23. Bg3 Qa7 24. a3 Qb6 25. Nxd5 Bxd5 26. Rc3 Rab8 27. Bf2 Be4+ 28. Ka1 Bd3 29. Rdxd3 cxd3 30. Rxd3 Bxe5 31. Nb3 Qc7 32. fxg6 hxg6 33. Kb1 Bf6 34. Bg3 e5 35. Re3 Qd7 36. Nd2 Rd8 37. Ne4 Bg7 38. Bh4 Qd1+ 39. Ka2 Qd5+ 40. Kb1 Qd1+ 41. Ka2 Qd5+ 42. Kb1 Qd1+ 43. Ka2 Qd5+ 44. Kb1 Qd1+ 45. Ka2 Qd5+ 46. Kb1 Qd1+ 47. Ka2 Qd5+ 48. Kb1 Qd1+ 49. Ka2 Qd5+ 50. b3 Rd7 51. Bf6 Qd1 52. Qxd1 Rxd1 53. a4 Bxf6 54. Nxf6+ Kg7 55. Ng4 e4 56. Rxe4 f5 57. Re7+ Kf8 58. Rh7 Rb6 59. Ne5 Kg8 60. Re7 Rd2+ 61. Ka3 Rxg2 62. a5 Rf6 63. b4 Rg3+ 64. Ka4 f4 65. Ng4 Rd6 66. Nh6+ Kf8 67. Rf7+ Ke8 68. Rxf4 Rxh3 69. Nf7 Rd5 70. a6 Rh1 71. b5 Ra1+ 72. Kb4 Ke7 73. Kc4 Rf5 74. Rxf5 gxf5 75. Nh6 Kd6 76. Nxf5+ Kc7 77. Ne7 Rxa6 78. Nd5+ Kb7 79. Kc5 Ra5 80. Nb6 Rxb5+ 81. Kxb5 1/2-1/2

[Event "25th Abu Dhabi Master 2018"]
[Site "Abu Dhabi"]
[Date "2018.08.08"]
[Round "2"]
[White "Narayanan S L"]
[Black "Krishna Teja, N."]
[Result "1-0"]
[ECO "B12"]
[WhiteElo "2574"]
[BlackElo "2389"]
[Annotator "ChessBase"]
[PlyCount "131"]
[EventDate "2018.08.05"]
[EventType "swiss"]
[EventCountry "UAE"]
[SourceTitle "playchess.com"]
[Source "ChessBase"]
[SourceQuality "1"]
[TimeControl "5400+30"]

1. e4 c6 2. d4 d5 3. e5 Bf5 4. Nf3 e6 5. Be2 c5 6. Be3 cxd4 7. Nxd4 Ne7 8. Nd2 Nbc6 9. N2f3 Be4 10. O-O Ng6 11. Bb5 Bxf3 12. Qxf3 Qd7 13. Qh5 a6 14. Bxc6 bxc6 15. Rad1 Rb8 16. Nb3 Be7 17. f4 Nh4 18. Qe2 O-O 19. Nc5 Qc8 20. c3 a5 21. a4 f5 22. Rb1 Bxc5 23. Bxc5 Rf7 24. b4 Rfb7 25. Qc2 Ra8 26. bxa5 Rxa5 27. Bb6 Ra6 28. a5 Ng6 29. Qf2 Nf8 30. Rb4 Nd7 31. Rfb1 c5 32. Rb5 Qc6 33. h3 Nxb6 34. Qxc5 Qxc5+ 35. Rxc5 Kf7 36. Rcb5 Ke7 37. g4 g6 38. Kf2 Kd7 39. gxf5 gxf5 40. Kg3 Rc7 41. axb6 Rxc3+ 42. Kh4 Ra8 43. b7 Rb8 44. Rb6 Rc6 45. R6b2 Rc4 46. Rb6 Rc6 47. Kg5 Rxb6 48. Rxb6 Ke7 49. Kh6 d4 50. h4 d3 51. Kxh7 d2 52. Rd6 Rxb7 53. Rxd2 Rb4 54. Rf2 Kf7 55. h5 Rb1 56. h6 Rg1 57. Ra2 Rg4 58. Ra4 Ke7 59. Ra7+ Kf8 60. Rg7 Rxf4 61. Rg6 Rg4 62. Rxe6 Kf7 63. Rf6+ Ke7 64. Rg6 Kf7 65. e6+ Kf8 66. Rxg4 1-0

[Event "25th Abu Dhabi Master 2018"]
[Site "Abu Dhabi"]
[Date "2018.08.08"]
[Round "2"]
[White "Yuffa, Daniil"]
[Black "Raetsky, Alexander"]
[Result "1/2-1/2"]
[ECO "A20"]
[WhiteElo "2570"]
[BlackElo "2380"]
[Annotator "ChessBase"]
[PlyCount "38"]
[EventDate "2018.08.05"]
[EventType "swiss"]
[EventCountry "UAE"]
[SourceTitle "playchess.com"]
[Source "ChessBase"]
[SourceQuality "1"]
[TimeControl "5400+30"]

1. c4 e5 2. g3 Nf6 3. Bg2 c6 4. Nf3 e4 5. Nd4 d5 6. cxd5 Qb6 7. Nc2 cxd5 8. d3 Be7 9. Nc3 O-O 10. Be3 Qa5 11. O-O Rd8 12. Nd4 Nc6 13. Qb3 exd3 14. exd3 Ne5 15. Rad1 Bg4 16. f3 Bd7 17. g4 h6 18. h3 Nc6 19. Bf2 Ne5 1/2-1/2

[Event "25th Abu Dhabi Master 2018"]
[Site "Abu Dhabi"]
[Date "2018.08.08"]
[Round "2"]
[White "Firouzja, Alireza"]
[Black "Kathmale, Sameer"]
[Result "1-0"]
[ECO "D17"]
[WhiteElo "2561"]
[BlackElo "2367"]
[Annotator "ChessBase"]
[PlyCount "61"]
[EventDate "2018.08.05"]
[EventType "swiss"]
[EventCountry "UAE"]
[SourceTitle "playchess.com"]
[Source "ChessBase"]
[SourceQuality "1"]
[TimeControl "5400+30"]

1. d4 d5 2. Nf3 Nf6 3. c4 c6 4. Nc3 dxc4 5. a4 Bf5 6. Ne5 e6 7. f3 c5 8. e4 Bg6 9. Be3 cxd4 10. Qxd4 Qxd4 11. Bxd4 a6 12. h4 h6 13. Nxg6 fxg6 14. Bxc4 Nc6 15. Be3 Kf7 16. O-O-O Rc8 17. Kb1 Bb4 18. Ne2 Na5 19. Ba2 Nc4 20. Bc1 Be7 21. Nf4 Rhd8 22. Rxd8 Bxd8 23. Rd1 Be7 24. a5 e5 25. Nd3 Nd7 26. Nc5 Nxc5 27. Bxc4+ Ke8 28. Bd5 b6 29. axb6 Rb8 30. Be3 Rxb6 31. Rc1 1-0

[Event "25th Abu Dhabi Master 2018"]
[Site "Abu Dhabi"]
[Date "2018.08.08"]
[Round "2"]
[White "Kadric, Denis"]
[Black "Sharma, Dinesh Kumar"]
[Result "1/2-1/2"]
[ECO "C24"]
[WhiteElo "2537"]
[BlackElo "2275"]
[Annotator "ChessBase"]
[PlyCount "83"]
[EventDate "2018.08.05"]
[EventType "swiss"]
[EventCountry "UAE"]
[SourceTitle "playchess.com"]
[Source "ChessBase"]
[SourceQuality "1"]
[TimeControl "5400+30"]

1. e4 e5 2. Bc4 Nf6 3. d3 c6 4. Nf3 d5 5. Bb3 a5 6. a4 Bb4+ 7. c3 Bd6 8. exd5 cxd5 9. O-O O-O 10. Bg5 Be6 11. Na3 Nbd7 12. Nb5 Bb8 13. Re1 Re8 14. Bh4 h6 15. h3 Ra6 16. Bg3 Bf5 17. d4 e4 18. Bxb8 Qxb8 19. Nh2 Rae6 20. Nf1 R6e7 21. Ne3 Be6 22. Ba2 Nb6 23. b3 Nc8 24. c4 Nd6 25. c5 Nxb5 26. axb5 b6 27. c6 Qd6 28. Qd2 Nh7 29. b4 a4 30. Rac1 Rc7 31. f3 Nf6 32. Rf1 exf3 33. Rxf3 Ne4 34. Qd3 Ng5 35. Rcf1 Nxf3+ 36. Rxf3 Rce7 37. Qd2 g6 38. Rf6 Qg3 39. Rf3 Qd6 40. Rf6 Qg3 41. Rf3 Qd6 42. Rf6 1/2-1/2

[Event "25th Abu Dhabi Master 2018"]
[Site "Abu Dhabi"]
[Date "2018.08.08"]
[Round "2"]
[White "Puranik, Abhimanyu Sameer"]
[Black "Pranav, Vijay"]
[Result "1-0"]
[ECO "C72"]
[WhiteElo "2514"]
[BlackElo "2265"]
[Annotator "ChessBase"]
[PlyCount "68"]
[EventDate "2018.08.05"]
[EventType "swiss"]
[EventCountry "UAE"]
[SourceTitle "playchess.com"]
[Source "ChessBase"]
[SourceQuality "1"]
[TimeControl "5400+30"]

1. e4 e5 2. Nf3 Nc6 3. Bb5 a6 4. Ba4 d6 5. O-O Bd7 6. d4 exd4 7. Nxd4 b5 8. Nxc6 Bxc6 9. Bb3 Nf6 10. c4 Be7 11. Nc3 O-O 12. Re1 b4 13. Nd5 a5 14. Ba4 Bxa4 15. Qxa4 Nxd5 16. cxd5 Bf6 17. Rb1 Re8 18. a3 bxa3 19. bxa3 Bc3 20. Re2 f5 21. Qc4 Qf6 22. Rb7 Rxe4 23. Rxe4 fxe4 24. Be3 Rf8 25. Rxc7 Be5 26. Qxe4 Rb8 27. f4 Qh4 28. g3 Qg4 29. Bf2 g6 30. Kg2 Bf6 31. Rc6 Qd7 32. Qe6+ Qxe6 33. dxe6 Be7 34. Rc7 Re8 1-0

[Event "25th Abu Dhabi Master 2018"]
[Site "Abu Dhabi"]
[Date "2018.08.08"]
[Round "2"]
[White "Ikeda, Junta"]
[Black "Pantsulaia, Levan"]
[Result "0-1"]
[ECO "A45"]
[WhiteElo "2419"]
[BlackElo "2587"]
[Annotator "ChessBase"]
[PlyCount "76"]
[EventDate "2018.08.05"]
[EventType "swiss"]
[EventCountry "UAE"]
[SourceTitle "playchess.com"]
[Source "ChessBase"]
[SourceQuality "1"]
[TimeControl "5400+30"]

1. d4 Nf6 2. Bg5 e6 3. Nd2 c5 4. e3 Nc6 5. c3 b6 6. Ne4 Be7 7. Bxf6 gxf6 8. d5 Ne5 9. d6 Bf8 10. f4 Bb7 11. Ng3 Ng6 12. f5 Ne5 13. fxe6 fxe6 14. Qh5+ Nf7 15. O-O-O f5 16. Nf3 Qf6 17. Bc4 Qh6 18. Qxh6 Bxh6 19. Nh5 O-O-O 20. Nf4 Be4 21. Rhe1 Kb7 22. Re2 Bxf3 23. gxf3 Ne5 24. Bb3 c4 25. Bc2 Nxf3 26. b3 Rc8 27. b4 b5 28. Kb2 Ng5 29. Rf2 Rhf8 30. a4 a6 31. axb5 axb5 32. Ra1 Ra8 33. Rxa8 Kxa8 34. Ne2 Kb7 35. Rf4 Nf7 36. Rh4 Bxe3 37. Rxh7 Kc6 38. Rh3 f4 0-1

[Event "25th Abu Dhabi Master 2018"]
[Site "Abu Dhabi"]
[Date "2018.08.08"]
[Round "2"]
[White "Jonkman, Harmen"]
[Black "Varshini, Veileven"]
[Result "1-0"]
[ECO "B50"]
[WhiteElo "2404"]
[BlackElo "2205"]
[Annotator "NA"]
[PlyCount "103"]
[EventDate "2018.08.05"]
[EventType "swiss"]
[EventCountry "UAE"]
[SourceTitle "playchess.com"]
[Source "ChessBase"]
[SourceQuality "1"]
[TimeControl "5400+30"]

1. e4 c5 2. Nf3 d6 3. c3 Nf6 4. Bd3 Nc6 5. Bc2 e6 6. O-O Be7 7. Re1 O-O 8. d4 cxd4 9. cxd4 Nb4 10. Bb3 d5 11. e5 Nd7 12. Nc3 a6 13. Ne2 Re8 14. g3 b5 15. h4 a5 16. a3 Nc6 17. Bg5 Ba6 18. Nf4 a4 19. Bc2 h6 20. Bxe7 Qxe7 21. Qd3 Nf8 22. Qd2 Bb7 23. Nh5 Na5 24. Nh2 Nc4 25. Qf4 Ng6 26. Qg4 Nxb2 27. Bxg6 fxg6 28. Qxg6 Kh8 29. Reb1 Nc4 30. Rxb5 Bc6 31. Rc5 Rec8 32. Nf4 Bd7 33. Rxc8+ Rxc8 34. Ng4 Rf8 35. Kg2 Rxf4 36. gxf4 Be8 37. Qd3 Qxh4 38. Qg3 Qh5 39. Rb1 Bg6 40. Rb8+ Kh7 41. Rb7 Kh8 42. Rb8+ Kh7 43. Rb7 Kh8 44. Ra7 Nb2 45. Ne3 Nd3 46. f3 Bf7 47. f5 g5 48. fxg6 Bxg6 49. Rxa4 Nc1 50. Ra8+ Kg7 51. Ra7+ Kh8 52. Qf4 1-0

[Event "25th Abu Dhabi Master 2018"]
[Site "Abu Dhabi"]
[Date "2018.08.08"]
[Round "2"]
[White "Dimakiling, Oliver"]
[Black "Aravindh, Chithambaram VR"]
[Result "0-1"]
[ECO "A05"]
[WhiteElo "2401"]
[BlackElo "2581"]
[Annotator "ChessBase"]
[PlyCount "80"]
[EventDate "2018.08.05"]
[EventType "swiss"]
[EventCountry "UAE"]
[SourceTitle "playchess.com"]
[Source "ChessBase"]
[SourceQuality "1"]
[TimeControl "5400+30"]

1. Nf3 Nf6 2. g3 d5 3. Bg2 e6 4. O-O Be7 5. d3 O-O 6. Nbd2 Nc6 7. c3 e5 8. Qc2 Be6 9. b4 Bd6 10. Bb2 Ne7 11. e4 c6 12. Rfe1 Ng6 13. a3 a5 14. Nb3 b6 15. Nbd2 h6 16. d4 dxe4 17. Nxe5 Bxe5 18. dxe5 Nxe5 19. Nxe4 Nxe4 20. Bxe4 Qc7 21. Bc1 Nc4 22. Bf4 Qb7 23. a4 Rfe8 24. h4 Bd5 25. Bxd5 cxd5 26. b5 Qd7 27. Qd3 Re6 28. Kg2 Rae8 29. Red1 Rd8 30. Qf3 f5 31. Rd4 Re4 32. Rad1 Qf7 33. g4 fxg4 34. Qxg4 Nd6 35. Rxe4 Nxe4 36. Rd3 h5 37. Qf3 Rf8 38. Bg3 Qg6 39. Qe3 Rxf2+ 40. Kh1 Nxg3+ 0-1

[Event "25th Abu Dhabi Master 2018"]
[Site "Abu Dhabi"]
[Date "2018.08.08"]
[Round "2"]
[White "Rakesh, Kumar Jena"]
[Black "Song, Yuxin"]
[Result "1-0"]
[ECO "A05"]
[WhiteElo "2385"]
[BlackElo "2126"]
[Annotator "NA"]
[PlyCount "123"]
[EventDate "2018.08.05"]
[EventType "swiss"]
[EventCountry "UAE"]
[SourceTitle "playchess.com"]
[Source "ChessBase"]
[SourceQuality "1"]
[TimeControl "5400+30"]

1. Nf3 Nf6 2. d4 e6 3. Bf4 c5 4. e3 Nc6 5. Nbd2 d5 6. c3 Bd6 7. Bg3 O-O 8. Bd3 b6 9. e4 dxe4 10. Nxe4 Nxe4 11. Bxe4 Bb7 12. dxc5 Bxc5 13. Qe2 Be7 14. h4 h6 15. Bf4 Kh8 16. Rh3 f5 17. Bxc6 Bxc6 18. Ne5 Be8 19. Rd3 Qc8 20. O-O-O Qa6 21. Kb1 Bb5 22. Qh5 Bxd3+ 23. Rxd3 Bf6 24. Qe2 Bxe5 25. Bxe5 Rad8 26. Bxg7+ Kh7 27. Bd4 e5 28. Kc2 e4 29. Re3 Qxe2+ 30. Rxe2 Rfe8 31. g3 Kg6 32. Kd2 Rd7 33. Ke3 b5 34. Kf4 h5 35. b4 Rc7 36. a4 bxa4 37. Ra2 a6 38. Rxa4 Re6 39. Ra5 e3 40. fxe3 Re4+ 41. Kf3 Rc6 42. Rd5 Rce6 43. c4 Rc6 44. b5 axb5 45. cxb5 Rce6 46. b6 Re8 47. Rd6+ Kh7 48. Rf6 R4e7 49. Rxf5 Kg6 50. Rf6+ Kh7 51. Rf5 Kg6 52. Rc5 Rf7+ 53. Ke2 Rb8 54. Rc6+ Kf5 55. Kf3 Re8 56. b7 Rxe3+ 57. Kxe3 Rxb7 58. Kf3 Rb3+ 59. Be3 Ra3 60. Rc5+ Kg6 61. Rg5+ Kf6 62. Rxh5 1-0

[Event "25th Abu Dhabi Master 2018"]
[Site "Abu Dhabi"]
[Date "2018.08.08"]
[Round "2"]
[White "Anand, Nadar"]
[Black "Bartakke, Amardeep S"]
[Result "1-0"]
[ECO "E09"]
[WhiteElo "2377"]
[BlackElo "2133"]
[Annotator "NA"]
[PlyCount "99"]
[EventDate "2018.08.05"]
[EventType "swiss"]
[EventCountry "UAE"]
[SourceTitle "playchess.com"]
[Source "ChessBase"]
[SourceQuality "1"]
[TimeControl "5400+30"]

1. Nf3 Nf6 2. c4 e6 3. g3 d5 4. Bg2 Be7 5. O-O O-O 6. d4 Nbd7 7. Qc2 c6 8. Nbd2 b6 9. e4 Bb7 10. e5 Ne8 11. cxd5 cxd5 12. Re1 Rc8 13. Qa4 Bc6 14. Qb3 b5 15. Nf1 Nb6 16. h4 b4 17. Qd3 Ba4 18. b3 Rc3 19. Qa6 Bd7 20. Bd2 Rc6 21. Qa5 Qb8 22. Rac1 Nc8 23. Ne3 Qb6 24. Qxb6 Nxb6 25. Bf1 Na8 26. Rxc6 Bxc6 27. Rc1 Bd7 28. Nc2 a5 29. a3 a4 30. Bxb4 Bxb4 31. Nxb4 axb3 32. Nd2 b2 33. Rb1 Nec7 34. Rxb2 Rb8 35. Rc2 Kf8 36. Nb3 Ke8 37. Nc5 Bb5 38. Nca6 Bxa6 39. Bxa6 Kd7 40. Bd3 h6 41. f4 Rb7 42. f5 Ra7 43. fxe6+ Nxe6 44. Bb5+ Kd8 45. Nc6+ Kc7 46. Nxa7+ Kb6 47. Bc6 Nxd4 48. Rb2+ Kxa7 49. Bxa8 Kxa8 50. Rf2 1-0

[Event "25th Abu Dhabi Master 2018"]
[Site "Abu Dhabi"]
[Date "2018.08.08"]
[Round "2"]
[White "Soumya, Swaminathan"]
[Black "Fier, Alexandr"]
[Result "1/2-1/2"]
[ECO "B35"]
[WhiteElo "2361"]
[BlackElo "2561"]
[Annotator "ChessBase"]
[PlyCount "143"]
[EventDate "2018.08.05"]
[EventType "swiss"]
[EventCountry "UAE"]
[SourceTitle "playchess.com"]
[Source "ChessBase"]
[SourceQuality "1"]
[TimeControl "5400+30"]

1. e4 c5 2. Nf3 Nc6 3. Nc3 g6 4. d4 cxd4 5. Nxd4 Bg7 6. Be3 Nf6 7. Bc4 O-O 8. Bb3 Re8 9. f3 e6 10. O-O d5 11. exd5 Nxd5 12. Nxd5 exd5 13. Bf2 Qg5 14. c3 Be5 15. h4 Qf4 16. g3 Qf6 17. f4 Bxd4 18. Bxd4 Qd6 19. Bf2 Be6 20. Re1 Red8 21. Qf3 Bf5 22. Bxd5 h5 23. Bc4 Bg4 24. Qe4 Bf5 25. Qe3 Qd7 26. b4 Rac8 27. Bb3 Bg4 28. Qe4 Bf5 29. Qg2 Bh3 30. Qh1 Bg4 31. Rac1 b6 32. Qe4 Bf5 33. Qf3 Bg4 34. Qe4 Qd6 35. a4 Qf6 36. Bd5 Qd6 37. Bxc6 Rxc6 38. Bd4 Qd7 39. Qe5 f6 40. Qe4 Kf7 41. Ra1 Re6 42. Qg2 Rde8 43. Qf1 Be2 44. Qf2 Ba6 45. Rxe6 Qxe6 46. a5 Bb7 47. axb6 axb6 48. Bxb6 Qh3 49. Qh2 Qg4 50. Qf2 Bd5 51. c4 Bb7 52. b5 Kg8 53. Re1 Ra8 54. Qe3 Kh7 55. Qe7+ Kh6 56. Qxb7 Qxg3+ 57. Kf1 Ra2 58. Be3 Qh3+ 59. Kg1 Qxh4 60. Kf1 Qh3+ 61. Kg1 Qg3+ 62. Kf1 h4 63. f5+ g5 64. Qc6 Qh3+ 65. Kg1 Qg4+ 66. Kh1 Qxf5 67. b6 Kh5 68. b7 Qh3+ 69. Kg1 Qg3+ 70. Kf1 Qh3+ 71. Kg1 Qg3+ 72. Kf1 1/2-1/2

[Event "25th Abu Dhabi Master 2018"]
[Site "Abu Dhabi"]
[Date "2018.08.08"]
[Round "2"]
[White "Kulkarni, Chinmay"]
[Black "Nihal Sarin"]
[Result "0-1"]
[ECO "B75"]
[WhiteElo "2355"]
[BlackElo "2556"]
[Annotator "ChessBase"]
[PlyCount "92"]
[EventDate "2018.08.05"]
[EventType "swiss"]
[EventCountry "UAE"]
[SourceTitle "playchess.com"]
[Source "ChessBase"]
[SourceQuality "1"]
[TimeControl "5400+30"]

1. e4 c5 2. Nf3 d6 3. d4 cxd4 4. Nxd4 Nf6 5. Nc3 g6 6. Be3 Bg7 7. f3 a6 8. Qd2 h5 9. Bc4 Nbd7 10. O-O-O b5 11. Bb3 Bb7 12. Nd5 Nc5 13. Kb1 Rc8 14. Bg5 e6 15. Nxf6+ Bxf6 16. h4 Qe7 17. Rhe1 Rd8 18. Bd5 Bxg5 19. hxg5 e5 20. Nc6 Bxc6 21. Bxc6+ Kf8 22. f4 exf4 23. Qc3 Kg8 24. e5 Kh7 25. Bd5 Rhe8 26. exd6 Qxd6 27. Rxe8 Rxe8 28. Bf3 Qe5 29. Qb4 Qxg5 30. a3 Qe5 31. Bc6 Re7 32. Bd5 Ne4 33. Bb3 Nc5 34. Bd5 Ne4 35. Bb3 Kg7 36. Rd8 Qc5 37. Qe1 Ng3 38. Qd1 Qe3 39. Ka2 Ne2 40. Qd6 Nc1+ 41. Kb1 Nxb3 42. cxb3 Qe5 43. Qb6 Qf5+ 44. Ka2 Re1 45. Qd4+ Kh6 46. Qh8+ Kg5 0-1

[Event "25th Abu Dhabi Master 2018"]
[Site "Abu Dhabi"]
[Date "2018.08.08"]
[Round "2"]
[White "Omar, Noaman"]
[Black "Debashis, Das"]
[Result "1/2-1/2"]
[ECO "E32"]
[WhiteElo "2353"]
[BlackElo "2539"]
[Annotator "ChessBase"]
[PlyCount "80"]
[EventDate "2018.08.05"]
[EventType "swiss"]
[EventCountry "UAE"]
[SourceTitle "playchess.com"]
[Source "ChessBase"]
[SourceQuality "1"]
[TimeControl "5400+30"]

1. d4 Nf6 2. c4 e6 3. Nc3 Bb4 4. Qc2 O-O 5. Nf3 c5 6. dxc5 Na6 7. g3 Nxc5 8. Bg2 b6 9. O-O Bb7 10. Nb5 Be4 11. Qd1 Nb7 12. Bf4 Rc8 13. Rc1 a6 14. Nd6 Nxd6 15. Bxd6 Bxd6 16. Qxd6 Rc6 17. Qd4 Qa8 18. Rc3 Rfc8 19. Rfc1 h6 20. h3 d6 21. Ne1 d5 22. f3 Bg6 23. cxd5 Rxc3 24. Rxc3 Rxc3 25. Qxc3 Qxd5 26. e4 Qxa2 27. Nd3 Kh7 28. Ne5 Qb1+ 29. Kh2 Qd1 30. Qc7 Qd4 31. Nxf7 Bxf7 32. Qxf7 e5 33. b3 Qd7 34. Qf8 a5 35. h4 Qd4 36. Qb8 Qc5 37. Qa7 Qe3 38. Qc7 Qc5 39. Qa7 Qe3 40. Qc7 Qc5 1/2-1/2

[Event "25th Abu Dhabi Master 2018"]
[Site "Abu Dhabi"]
[Date "2018.08.08"]
[Round "2"]
[White "Samhouri, Admah Fawzi"]
[Black "Bhambure, Shantanu"]
[Result "1/2-1/2"]
[ECO "E43"]
[WhiteElo "2348"]
[BlackElo "2194"]
[Annotator "NA"]
[PlyCount "72"]
[EventDate "2018.08.05"]
[EventType "swiss"]
[EventCountry "UAE"]
[SourceTitle "playchess.com"]
[Source "ChessBase"]
[SourceQuality "1"]
[TimeControl "5400+30"]

1. d4 Nf6 2. c4 e6 3. Nc3 Bb4 4. e3 b6 5. Bd3 Bb7 6. Nf3 O-O 7. Qc2 d5 8. cxd5 exd5 9. O-O Nbd7 10. Ne5 c5 11. f4 Re8 12. Bd2 cxd4 13. exd4 a6 14. Rae1 Bxc3 15. bxc3 Ne4 16. Bxe4 dxe4 17. Rb1 b5 18. Qd1 Bd5 19. Rb2 f6 20. Nxd7 Qxd7 21. Re1 Rac8 22. Re3 Qf5 23. a4 Bc4 24. Rh3 e3 25. Rxe3 Rxe3 26. Bxe3 Re8 27. Bf2 Qxf4 28. axb5 axb5 29. d5 Rd8 30. Rd2 Qe5 31. d6 Rd7 32. Bd4 Qe4 33. Bf2 Qe5 34. Bd4 Qe4 35. Bf2 Qe5 36. Bd4 Qe4 1/2-1/2

[Event "25th Abu Dhabi Master 2018"]
[Site "Abu Dhabi"]
[Date "2018.08.08"]
[Round "2"]
[White "Saravana, Krishnan P"]
[Black "Aryan, Chopra"]
[Result "1/2-1/2"]
[ECO "E62"]
[WhiteElo "2348"]
[BlackElo "2536"]
[Annotator "ChessBase"]
[PlyCount "63"]
[EventDate "2018.08.05"]
[EventType "swiss"]
[EventCountry "UAE"]
[SourceTitle "playchess.com"]
[Source "ChessBase"]
[SourceQuality "1"]
[TimeControl "5400+30"]

1. d4 Nf6 2. c4 g6 3. g3 Bg7 4. Bg2 O-O 5. Nc3 d6 6. Nf3 Nc6 7. O-O e5 8. dxe5 Nxe5 9. Nxe5 dxe5 10. Qxd8 Rxd8 11. Bg5 Rd7 12. Rad1 c6 13. Na4 Rxd1 14. Rxd1 Be6 15. b3 Nd7 16. Nc3 f6 17. Be3 Bf8 18. Ne4 Kf7 19. f4 exf4 20. gxf4 a5 21. a4 Rc8 22. Kf2 h6 23. Nd6+ Bxd6 24. Rxd6 Ke7 25. Rd2 b6 26. Bd4 Nc5 27. Bxc5+ bxc5 28. Rd3 g5 29. Re3 Kd6 30. Rd3+ Ke7 31. Re3 Kd6 32. Rd3+ {Ke5} 1/2-1/2

[Event "25th Abu Dhabi Master 2018"]
[Site "Abu Dhabi"]
[Date "2018.08.08"]
[Round "2"]
[White "Sidhant, Mohapatra"]
[Black "Divya, Deshmukh"]
[Result "1-0"]
[ECO "A48"]
[WhiteElo "2341"]
[BlackElo "2172"]
[Annotator "NA"]
[PlyCount "71"]
[EventDate "2018.08.05"]
[EventType "swiss"]
[EventCountry "UAE"]
[SourceTitle "playchess.com"]
[Source "ChessBase"]
[SourceQuality "1"]
[TimeControl "5400+30"]

1. Nf3 Nf6 2. d4 g6 3. Bg5 Bg7 4. Nbd2 d5 5. e3 O-O 6. Bd3 b6 7. Qe2 Bb7 8. h4 c5 9. c3 Ne4 10. h5 Nd7 11. hxg6 hxg6 12. Bf4 Nxd2 13. Qxd2 e6 14. O-O-O Qe7 15. Rh3 e5 16. dxe5 Nxe5 17. Nxe5 Bxe5 18. Bxe5 Qxe5 19. f4 Qg7 20. f5 Rad8 21. g4 d4 22. exd4 cxd4 23. c4 Rfe8 24. Rf1 Rd6 25. Qh2 Red8 26. Rh6 Re8 27. g5 Qe5 28. fxg6 fxg6 29. Rh8+ Qxh8 30. Qxd6 Qg7 31. Rf6 Re1+ 32. Kd2 Qe7 33. Rxg6+ Kf7 34. Qf4+ Ke8 35. Qb8+ Kf7 36. Qg8# 1-0

[Event "25th Abu Dhabi Master 2018"]
[Site "Abu Dhabi"]
[Date "2018.08.08"]
[Round "2"]
[White "Ahmad, Al Khatib"]
[Black "Mendonca, Leon Luke"]
[Result "0-1"]
[ECO "B25"]
[WhiteElo "2336"]
[BlackElo "2168"]
[Annotator "NA"]
[PlyCount "145"]
[EventDate "2018.08.05"]
[EventType "swiss"]
[EventCountry "UAE"]
[SourceTitle "playchess.com"]
[Source "ChessBase"]
[SourceQuality "1"]
[TimeControl "5400+30"]

1. e4 c5 2. Nc3 d6 3. g3 Nc6 4. Bg2 g6 5. d3 Bg7 6. f4 e6 7. Nf3 Nge7 8. O-O O-O 9. Be3 Nd4 10. Bf2 Nxf3+ 11. Bxf3 Nc6 12. e5 Nd4 13. Bg2 dxe5 14. fxe5 Bxe5 15. Ne4 f5 16. Nxc5 Qc7 17. b4 Bg7 18. Re1 a5 19. c3 Nb5 20. bxa5 Nxc3 21. Qb3 Rxa5 22. Nxe6 Bxe6 23. Rxe6 Qf7 24. Rae1 Rxa2 25. Bc5 Re2 26. Kf1 Rxe1+ 27. Kxe1 Ra8 28. d4 Ne4 29. Bxe4 fxe4 30. Rb6 Qxb3 31. Rxb3 Ra1+ 32. Ke2 Bh6 33. d5 Ra2+ 34. Kf1 Ra5 35. Rc3 e3 36. d6 Ra1+ 37. Ke2 Ra2+ 38. Kf3 e2 39. Bf2 Rd2 40. Rc8+ Bf8 41. Be1 Rxd6 42. Kxe2 Re6+ 43. Kf2 Kf7 44. Bd2 Rc6 45. Rb8 Bc5+ 46. Ke2 Rc7 47. Bf4 Rd7 48. h4 Ke6 49. h5 gxh5 50. Re8+ Kd5 51. Kd3 Bd6 52. Bxd6 Kxd6 53. Rg8 Ke5+ 54. Ke3 Kf5 55. Rf8+ Kg4 56. Rg8+ Kh3 57. Rg5 h4 58. gxh4 Kxh4 59. Rg1 h5 60. Ke4 b5 61. Kf4 Rf7+ 62. Ke5 b4 63. Rh1+ Kg5 64. Rg1+ Kh6 65. Rb1 Rb7 66. Kf5 b3 67. Rb2 Rb4 68. Kf6 h4 69. Kf5 Kh5 70. Ke5 h3 71. Kd5 Kg4 72. Kc5 Rb8 73. Kd4 0-1